 Dungeon Crawl Stone Soup version 0.30.0-5-g1a98f26d00 (webtiles) character file.

Game seed: 10111498352224716544

4304 Irreverend the Jinx (level 10, -6/44 HPs)
             Began as a Spriggan Conjurer on May 9, 2023.
             Was an Initiate of Vehumet.
             Shot with a sling bullet by Joseph (8 damage)
             ... on level 8 of the Dungeon.
             The game lasted 00:27:37 (9603 turns).

Irreverend the Jinx (Spriggan Conjurer)             Turns: 9603, Time: 00:27:37

Health: -6/44      AC:  3    Str:  3    XL:     10   Next: 11%
Magic:  18/23      EV: 17    Int: 25    God:    Vehumet [......]
Gold:   129        SH:  0    Dex: 13    Spells: 14/25 levels left

rFire   . . .        (weapon restricted)
rCold   . . .        (no shield)
rNeg    . . .        a - +1 robe
rPois   .            (helmet restricted)
rElec   .            (no cloak)
rCorr   .            (gloves unavailable)
SInv    +            (boots unavailable)
Will    +....        w - amulet of magic regeneration
Stlth   ++           b - ring of wizardry
HPRegen 0.27/turn    t - ring of flight
MPRegen 0.58/turn

%: wizardry (x1)
@: flying, very quick
A: very small, no large weapons, unfitting armour, see invisible, speed 3
a: Renounce Religion


You were on level 8 of the Dungeon.
You worshipped Vehumet.
Vehumet was noncommittal.
You visited 2 branches of the dungeon, and saw 9 of its levels.

You collected 429 gold pieces.
You spent 300 gold pieces at shops.

Inventory:

Missiles
 z - a throwing net
Armour
 a - a +1 robe (worn)
Magical Staves
 A - a staff of conjuration
Jewellery
 b - a ring of wizardry (left hand)
 s - a +6 ring of dexterity
 t - a ring of flight (right hand)
 w - an amulet of magic regeneration (around neck)
 C - an amulet of the acrobat
 E - a ring of positive energy
Wands
 u - a wand of flame (15)
 F - a wand of charming (6)
Scrolls
 c - 12 scrolls of identify {unknown}
 d - 2 scrolls of poison {unknown}
 f - 4 scrolls of enchant armour
 i - a scroll of silence {unknown}
 j - 3 scrolls of noise
 k - a scroll of blinking {unknown}
 n - 4 scrolls of magic mapping {unknown}
 o - 2 scrolls of brand weapon
 y - a scroll of vulnerability {unknown}
 D - a scroll of amnesia {unknown}
Potions
 e - 2 potions of brilliance {unknown}
 g - a potion of heal wounds {unknown}
 h - a potion of cancellation {unknown}
 l - 4 potions of curing {unknown}
 m - 2 potions of might {unknown}
 p - 3 potions of flight {unknown}
 q - a potion of mutation {unknown}
 r - 2 potions of magic
 v - a potion of berserk rage {unknown}
 x - a potion of ambrosia {unknown}
 B - 2 potions of degeneration {unknown}


   Skills:
 - Level 2.6 Dodging
 - Level 3.0 Stealth
 - Level 8.0 Spellcasting
 + Level 8.2 Conjurations
 - Level 8.3 Hexes
 + Level 7.6 Translocations


You had 14 spell levels left.
You knew the following spells:

 Your Spells              Type           Power      Damage    Failure   Level
a - Magic Dart            Conj           100%       1d8       1%          1
b - Searing Ray           Conj           100%       2d8       1%          2
c - Fulminant Prism       Conj/Hex       25%        3d14      1%          4
d - Iskenderun's Mystic   Conj/Tloc      49%        2d11      1%          4

Your spell library contained the following spells:

 Spells                   Type           Power      Damage    Failure   Level
 Dazzling Flash           Conj/Hex       100%       N/A       1%          3
 Stone Arrow              Conj/Erth      60%        3d10      1%          3
 Sandblast                Erth           20%        2d7       2%          1
 Mephitic Cloud           Conj/Pois/Air  23%        N/A       2%          3
 Call Imp                 Summ           20%        N/A       3%          2
 Passwall                 Tmut/Erth      8%         N/A       3%          2


Dungeon Overview and Level Annotations

Branches:
Dungeon (8/15)             Temple (1/1) D:7
   Lair: D:8-11

Altars:
Ashenzari
Elyvilon
Gozag
Hepliaklqana
Kikubaaqudgha
Makhleb
Nemelex Xobeh
Sif Muna
Trog
Uskayaw
Vehumet
Wu Jian
Yredelemnul
Zin
The Shining One

Shops:
D:2 !   D:6 =   D:7 *

Annotations:
D:8 Joseph


Innate Abilities, Weirdness & Mutations

You are very small and have problems with some larger weapons.
You are too small for most types of armour.
You have supernaturally acute eyesight. (SInv)
You cover ground extremely quickly. (Speed+++)


Message History

Joseph shoots a sling bullet.
The sling bullet hits your fulminant prism!
The sling bullet freezes your fulminant prism.
Joseph shoots a sling bullet.
The sling bullet hits your fulminant prism!
Your fulminant prism detonates feebly.
Joseph shoots a sling bullet.
The sling bullet misses you.
Casting: Fulminant Prism (dangerous; 1% risk of failure)
Confirm with . or Enter, or press ? or * to list all spells.
Aiming: Magic Dart (safe; 1% risk of failure)
Press: ? - help, Shift-Dir - straight line, f - Joseph
Aim: Joseph, wielding a +1 sling of freezing and wearing a +0 ring mail (lightly wounded, 100% to hit)
The magic dart hits Joseph but does no damage.
Joseph is lightly wounded.
Joseph shoots a sling bullet.
The sling bullet hits you!!
Ouch! That really hurt!
The sling bullet freezes you.
You start resting.
Joseph is nearby!
Joseph shoots a sling bullet.
The sling bullet barely misses you.
Joseph shoots a sling bullet.
The sling bullet barely misses you.
Casting: Magic Dart (safe; 1% risk of failure)
Confirm with . or Enter, or press ? or * to list all spells.
Aiming: Fulminant Prism (dangerous; 1% risk of failure)
Press: ? - help, Dir - move target You conjure a prism of explosive energy!
A fulminant prism comes into view.
Your fulminant prism crackles loudly.
Your fulminant prism explodes!
You hear a croak.
You hear a shout!
Casting: Fulminant Prism (dangerous; 1% risk of failure)
Confirm with . or Enter, or press ? or * to list all spells.
Aiming: Fulminant Prism (dangerous; 1% risk of failure)
Press: ? - help, Dir - move target You conjure a prism of explosive energy!
A fulminant prism comes into view.
Joseph shoots a sling bullet.
The sling bullet hits you!!
* * * LOW HITPOINT WARNING * * *
The sling bullet freezes you!
You die...

#........<...#
#.#####.####.##
#.......#
######..# #).#
########))###.#
.........)....#
#####.###.#####
#..@.....#
#.#..#*#@###
#....#.#...#
#..###.###.#
#..#.....#.#
#..#######.#
##.~≈≈≈≈≈~.#
....#######.# #
###.#.....#.#


You could see Joseph and a friendly fulminant prism (unaware).

Vanquished Creatures
  Pikel (D:7)
  A hornet (D:7)
  Prince Ribbit (D:7)
  Grinder (D:3)
  Sigmund (D:3)
  A steam dragon (D:5)
  Menkaure (D:5)
  Edmund (D:5)
  2 water moccasins (D:5)
  Duvessa (D:7)
  3 black bears
  2 ice beasts (D:7)
  2 orc warriors
  A sky beast (D:7)
  2 ogres
  A centaur (D:7)
  3 lemures (D:7)
  2 phantoms (D:6)
  2 scorpions
  5 wights (D:6)
  Dowan (D:7)
  6 orc priests
  2 gnoll boudas (D:7)
  4 hounds
  2 iguanas
  A jelly (D:6)
  5 orc wizards
  Terence (D:3)
  10 gnolls (D:7)
  12 adders
  3 white imps
  An ufetubus (D:7)
  25 orcs
  7 endoplasms
  2 giant cockroaches
  8 goblins
  11 hobgoblins
  5 jackals
  2 quokkas
  8 ball pythons
  5 bats
  8 frilled lizards
  7 kobolds
  4 rats
174 creatures vanquished.

Vanquished Creatures (others)
  96 fulminant prisms
96 creatures vanquished.

Grand Total: 270 creatures vanquished

Notes
Turn   | Place    | Note
-------+----------+-------------------------------------------
     0 | D:1      | Irreverend the Spriggan Conjurer began the quest for the
                  | Orb.
     0 | D:1      | Reached XP level 1. HP: 9/9 MP: 5/5
   368 | D:1      | Reached XP level 2. HP: 13/13 MP: 2/7
   695 | D:1      | Learned a level 2 spell: Searing Ray
  1249 | D:2      | Found a faded altar of an unknown god.
  1517 | D:2      | Found Ziloeff's Distillery.
  1678 | D:2      | Reached XP level 3. HP: 16/16 MP: 5/9
  2307 | D:3      | Noticed Terence
  2330 | D:3      | Killed Terence
  2331 | D:3      | Reached XP level 4. HP: 7/21 MP: 7/11
  2729 | D:3      | Noticed Sigmund
  2747 | D:3      | Killed Sigmund
  2748 | D:3      | Reached skill level 5 in Spellcasting
  2748 | D:3      | Reached XP level 5. HP: 11/24 MP: 2/14
  2842 | D:3      | Learned a level 4 spell: Fulminant Prism
  2970 | D:3      | Reached XP level 6. HP: 28/28 MP: 10/15
  3114 | D:3      | Noticed Grinder
  3115 | D:3      | Paralysed by Grinder for 3 turns
  3361 | D:3      | Reached skill level 1 in Hexes
  3705 | D:3      | Paralysed by Grinder for 3 turns
  3889 | D:3      | Killed Grinder
  4280 | D:4      | Reached XP level 7. HP: 32/32 MP: 11/16
  4401 | D:4      | Reached skill level 5 in Conjurations
  5392 | D:5      | Entered Level 5 of the Dungeon
  5394 | D:5      | Noticed Menkaure
  5405 | D:5      | Noticed Edmund
  5622 | D:5      | Reached skill level 5 in Hexes
  5738 | D:5      | Reached XP level 8. HP: 36/36 MP: 12/17
  5779 | D:5      | Killed Menkaure
  6471 | D:5      | Killed Edmund
  6931 | D:6      | Found a glowing golden altar of the Shining One.
  7063 | D:6      | Reached XP level 9. HP: 39/39 MP: 9/21
  7168 | D:6      | Found Diem's Jewellery Boutique.
  7172 | D:6      | Bought an amulet of magic regeneration for 300 gold pieces
  7216 | D:6      | Found a hide-covered altar of Uskayaw.
  7797 | D:7      | Found Roq Ramn's General Store.
  8032 | D:6      | Learned a level 4 spell: Iskenderun's Mystic Blast
  8055 | D:7      | Found an opulent altar of Gozag.
  8094 | D:7      | Noticed Pikel
  8097 | D:7      | Reached skill level 1 in Translocations
  8382 | D:7      | Noticed Dowan
  8495 | D:7      | Killed Dowan
  8525 | D:7      | Killed Pikel
  8526 | D:7      | Reached skill level 5 in Translocations
  8543 | D:7      | Found a burning altar of Makhleb.
  8575 | D:7      | Noticed Duvessa
  8617 | D:7      | Killed Duvessa
  8774 | D:7      | Noticed Prince Ribbit
  8799 | D:7      | Killed Prince Ribbit
  8898 | D:7      | Reached XP level 10. HP: 44/44 MP: 20/23
  9056 | D:7      | Found a shimmering blue altar of Sif Muna.
  9062 | D:7      | Found a bloodstained altar of Trog.
  9126 | D:7      | Got Sif Muna's Anthology of Accomplices
  9176 | D:7      | Found a white marble altar of Elyvilon.
  9371 | D:7      | Found a staircase to the Ecumenical Temple.
  9378 | Temple   | Entered the Ecumenical Temple
  9388 | Temple   | Became a worshipper of Vehumet
  9555 | D:8      | Noticed Joseph
  9603 | D:8      | HP: 2/44 [Joseph/sling bullet (21)]
  9603 | D:8      | Shot with a sling bullet by Joseph

Illustrated notes

Levels and vault maps discovered:
D:1:      dpeg_arrival_solitude, layout_basic
D:2:      layout_basic, shapermc_ecumenical_altar_venn, serial_shops, shop
D:3:      minmay_spotlight, layout_basic, minmay_crystal_room,
          minmay_goblin_kobold_house, uniq_grinder, uniq_sigmund, uniq_terence
D:4:      layout_layer_cave
D:5:      layout_gridville, st_stairs_10, uniq_menkaure, uniq_edmund
D:6:      layout_loops_ring, nicolae_tso_swordbearing_angel,
          kennysheep_little_box, serial_shops, shop
D:7:      hellmonk_crumbling_castle, layout_cave_pools,
          nzn_overflow_gifts_of_might_and_magic, elyvilon_altar_1,
          mainiacjoe_overflow_brackets, lemuel_crystal_altar, temple_green,
          chequers_mini_garden, nicolae_stop_n_shop_2, uniq_pikel,
          uniq_prince_ribbit1, uniq_duvessa
D:8:      layout_loops_ring, lair_entry_dummy, grunt_decor_cap, uniq_maurice,
          uniq_joseph
Temple:   eino_temple_lava

Skill      XL: |  1  2  3  4  5  6  7  8  9 10 |
---------------+-------------------------------+-----
Conjurations   | 3 4 5 6 8 |  8.2
Spellcasting   | 3 4 5 7 8 |  8.0
Hexes          | 3 5 7 8 |  8.3
Translocations | 6 7 |  7.6
Dodging        | |  2.6
Stealth        | |  3.0

Action                     |  1- 3 |  4- 6 |  7- 9 | 10-12 || total
---------------------------+-------+-------+-------+-------++-------
   Cast: Magic Dart        |    54 |    44 |    72 |     3 ||   173
         Searing Ray       |    11 |     4 |    12 |     6 ||    33
         Fulminant Prism   |       |    15 |    69 |    13 ||    97
    Use: Potion            |     1 |       |       |       ||     1
         Scroll            |       |       |     4 |       ||     4
  Dodge: Dodged            |     5 |     4 |    28 |     7 ||    44
